 Dungeon Crawl Stone Soup version 0.20.0-15-g7f486f2 (webtiles) character file.

75 greprep the Shield-Bearer (level 4, -4/40 HPs)
             Began as a Minotaur Fighter on June 24, 2017.
             Killed by nerve-wracking pain
             ... invoked by Grinder
              (13 damage)
             ... on level 3 of the Dungeon.
             The game lasted 00:02:57 (1785 turns).

greprep the Shield-Bearer (Minotaur Fighter)        Turns: 1785, Time: 00:02:58

Health: -4/40      AC:  7    Str: 27    XL:     4   Next: 11%
Magic:  3/3        EV:  8    Int:  6    God:
Gold:   102        SH: 10    Dex: 10    Spells: 3/3 levels left

rFire    . . .     SeeInvis .   a - +0 flail
rCold    . . .     Gourm    .   c - +0 shield
rNeg     . . .     Faith    .   b - +0 scale mail
rPois    .         Spirit   .   (helmet restricted)
rElec    .         Reflect  .   (no cloak)
rCorr    .         Harm     .   (no gloves)
MR       .....                  (no boots)
Stlth    ..........             (no amulet)
Regen    0.2/turn               m - +2 ring of strength
MPRegen  0.1/turn               (no ring)

@: mighty
A: retaliatory headbutt, horns 2
a: no special abilities


You were on level 3 of the Dungeon.
You were hungry.

You visited 1 branch of the dungeon, and saw 3 of its levels.

You collected 102 gold pieces.

Inventory:

Hand Weapons
 a - a +0 flail (weapon)
Armour
 b - a +0 scale mail (worn)
 c - a +0 shield (worn)
Jewellery
 m - a +2 ring of strength (left hand)
Wands
 p - a wand of enslavement (9/24)
Scrolls
 e - 4 scrolls of identify {unknown}
 g - 2 scrolls of teleportation {unknown}
 i - 2 scrolls of remove curse {unknown}
 j - a scroll of fog {unknown}
 o - a scroll of blinking {unknown}
 q - a scroll of amnesia {unknown}
Potions
 d - a potion of might
 h - a potion of heal wounds {unknown}
 k - a potion of curing {unknown}
 n - a potion of berserk rage {unknown}
 r - a potion of brilliance {unknown}
Comestibles
 f - a bread ration
 l - 4 fruits


   Skills:
 + Level 4.0 Fighting
 + Level 3.2 Maces & Flails
 + Level 4.3 Armour
 * Level 0.9 Dodging
 + Level 4.4 Shields
 * Level 0.2 Spellcasting


You had 3 spell levels left.
You didn't know any spells.

Dungeon Overview and Level Annotations

Branches:
Dungeon (3/15)

Altars:
Makhleb

Annotations:
D:3 Grinder


Innate Abilities, Weirdness & Mutations

You reflexively headbutt those who attack you in melee.
You have a pair of horns on your head.


Message History

Grinder is heavily wounded.
You block Grinder's attack.
You hit Grinder.
Grinder is heavily wounded.
Grinder gestures at you.
You suddenly lose the ability to move!
Grinder hits you! Grinder hits you.
You writhe in agony.
Grinder hits you but does no damage.
Grinder blinks!
You can move again.
You feel very mighty all of a sudden. Grinder gestures at you.
Pain shoots through your body!
* * * LOW HITPOINT WARNING * * *
You barely miss Grinder. Your headbutt misses Grinder.
Grinder is heavily wounded.
Grinder gestures at you. Pain shoots through your body!
You die...

.. .# .. .# .#
.#.#.#######.#
..>...5@.....##
##.########...#
##.#.#.#
#.######.##.#
.#
#...........# #
########.####
.# ##.###)#
##.<.# #####


You could see Grinder.

Vanquished Creatures
  2 adders (D:2)
  An ooze (D:1)
  A worm (D:2)
  2 leopard geckos (D:1)
  6 bats (D:2)
  4 giant cockroaches
  7 hobgoblins
  2 jackals (D:2)
  4 kobolds
  A quokka (D:2)
  4 frilled lizards
  3 goblins (D:1)
  10 rats
47 creatures vanquished.

Notes
Turn   | Place    | Note
-------+----------+-------------------------------------------
     0 | D:1      | greprep the Minotaur Fighter began the quest for the Orb.
     0 | D:1      | Reached XP level 1. HP: 19/19 MP: 0/0
   191 | D:1      | Reached XP level 2. HP: 25/27 MP: 1/1
   858 | D:1      | Reached XP level 3. HP: 33/33 MP: 2/2
  1523 | D:2      | Reached XP level 4. HP: 38/40 MP: 3/3
  1548 | D:2      | Found a burning altar of Makhleb.
  1548 | D:2      | Noticed a green death
  1554 | D:2      | Noticed a hellwing
  1554 | D:2      | Noticed a smoke demon
  1769 | D:3      | Noticed Grinder
  1776 | D:3      | Paralysed by Grinder for 6 turns
  1785 | D:3      | Killed from afar by Grinder

Skill      XL: |  1  2  3 |
---------------+----------+-----
Shields        | 4 |  4.4
Armour         | 4 |  4.3
Fighting       | 4 |  4.0
Maces & Flails | 3 |  3.2
Dodging        | |  0.9
Spellcasting   | |  0.2

Action                   |  1- 3 |  4- 6 || total
-------------------------+-------+-------++-------
Melee: Flail             |   104 |    18 ||   122
       Headbutt          |    11 |     6 ||    17
  Use: Potion            |       |     1 ||     1
  Eat: Chunk             |     2 |       ||     2
Armor: Scale mail        |    39 |     7 ||    46
Dodge: Dodged            |    37 |     8 ||    45
Block: Shield            |    52 |     9 ||    61
